 Dungeon Crawl Stone Soup version 0.25.1-1-g288607f5aa (webtiles) character file.

Game seed: 7423689032644721860

133 Milting the Insei (level 5, -2/36 HPs)
             Began as an Octopode Transmuter on July 19, 2020.
             Was an Initiate of Wu Jian.
             Killed from afar by an orc wizard (5 damage)
             ... with a magic dart
             ... on level 3 of the Dungeon.
             The game lasted 00:09:29 (3356 turns).

Milting the Insei (Octopode Transmuter)             Turns: 3356, Time: 00:09:30

Health: -2/36      AC:  1    Str: 11    XL:     5   Next: 16%
Magic:  8/8        EV: 13    Int: 15    God:    Wu Jian [......]
Gold:   214        SH:  0    Dex: 12    Spells: 7/8 levels left

rFire    . . .     SeeInvis .     - Unarmed
rCold    . . .     Gourm    .   (no shield)
rNeg     . . .     Faith    .   (helmet restricted)
rPois    .         Spirit   .   (no amulet)
rElec    .         Reflect  .   (no ring)
rCorr    .         Harm     .   (no ring)
MR       .....                  (no ring)
Stlth    ++........             (no ring)
HPRegen  0.12/turn              (no ring)
MPRegen  0.11/turn              (no ring)
                                (no ring)
                                (no ring)

@: no status effects
A: almost no armour, stealthy swim, amphibious, 8 rings, constrict 8, camouflage
1, gelatinous body 1
a: Renounce Religion


You were on level 3 of the Dungeon.
You worshipped Wu Jian.
Wu Jian was noncommittal.
You were hungry.

You visited 1 branch of the dungeon, and saw 3 of its levels.

You collected 214 gold pieces.

Inventory:

Missiles
 a - 45 arrows
 f - 91 stones (quivered)
 k - 15 bolts
 u - 6 silver javelins
Jewellery
 b - an uncursed amulet of reflection {unknown}
 d - an uncursed amulet of magic regeneration {unknown}
Wands
 r - a wand of paralysis (3)
 w - a wand of enslavement (8)
Scrolls
 g - 2 scrolls of enchant armour {unknown}
 h - a scroll of fog {unknown}
 j - a scroll of amnesia {unknown}
 l - a scroll of immolation {unknown}
 m - 3 scrolls of identify {unknown}
 o - 2 scrolls of remove curse {unknown}
 v - a scroll of teleportation {unknown}
Potions
 e - 3 potions of magic {unknown}
 i - 2 potions of curing {unknown}
 n - 3 potions of brilliance {unknown}
 p - a potion of stabbing {unknown}
 q - 2 potions of heal wounds {unknown}
 t - a potion of lignification {unknown}
Comestibles
 c - 4 rations
 s - 6 chunks of flesh


   Skills:
 - Level 3.1 Fighting
 - Level 2.0 Dodging
 * Level 4.7 Unarmed Combat
 - Level 2.0 Spellcasting
 - Level 2.0 Transmutations


You had 7 spell levels left.
You knew the following spells:

 Your Spells              Type           Power        Failure   Level  Hunger
a - Beastly Appendage     Tmut           #.....       10%         1    #......

Your spell library contained the following spells:

 Spells                   Type           Power        Failure   Level  Hunger
 Sticks to Snakes         Tmut           #.......     14%         2    ###....
 Spider Form              Tmut/Pois      #.........   41%         3    ###....
 Ice Form                 Ice/Tmut       #.......     82%         4    #####..
 Blade Hands              Tmut           #.........   95%         5    ######.


Dungeon Overview and Level Annotations

Branches:
Dungeon (3/15)

Altars:
Cheibriados
Gozag
Wu Jian


Innate Abilities, Weirdness & Mutations

You cannot wear most types of armour.
You are very stealthy in the water. (Stealth+)
You are amphibious.
You can wear up to eight rings at the same time.
You can use your tentacles to constrict eight enemies at once.
Your skin changes colour to match your surroundings (Stealth+).
Your rubbery body absorbs attacks. (AC +1, EV +1)


Message History

You tentacle-slap the orc. You squeeze the orc.
You kill the orc!
The Council accepts your kill.
You tentacle-slap the orc wizard but do no damage.
Your grab misses the orc wizard.
The orc wizard gestures at you while chanting.
The magic dart hits you!
* * * LOW HITPOINT WARNING * * *
You bludgeon the orc wizard! You grab the orc wizard.
The orc wizard is heavily wounded.
You constrict the orc wizard.
The orc wizard hits you with a +0 dagger.
* * * LOW HITPOINT WARNING * * *
The orc wizard hits you but does no damage.
You barely miss the orc wizard. Your squeeze misses the orc wizard.
The orc wizard is heavily wounded.
You constrict the orc wizard.
The orc wizard points at you and mumbles some strange words.
The magic dart hits you.
You die...

############ #..........#
.#.
#.######...############....
#.# #.......@o((.(.((...
#.######...#######(((((....
#........รท)......#..$(((...
#########.#..).#.######....
#.#..#.#.)...<# .o.
#.####.######## . #......#
#####).# #...#..#


You could see an orc wizard (fast).

Vanquished Creatures
  Robin (D:3)
  5 adders
  2 oozes
  A worm (D:3)
  A dart slug (D:1)
  2 leopard geckos (D:2)
  3 orcs (D:3)
  4 bats (D:1)
  3 giant cockroaches (D:1)
  14 goblins
  4 jackals
  2 quokkas (D:3)
  A ball python (D:1)
  3 frilled lizards (D:1)
  5 kobolds
  6 rats
57 creatures vanquished.

Vanquished Creatures (others)
  4 toadstools (D:1)
4 creatures vanquished.

Grand Total: 61 creatures vanquished

Notes
Turn   | Place    | Note
-------+----------+-------------------------------------------
     0 | D:1      | Milting the Octopode Transmuter began the quest for the
                  | Orb.
     0 | D:1      | Reached XP level 1. HP: 13/13 MP: 3/3
   277 | D:1      | Reached XP level 2. HP: 15/19 MP: 5/5
  1030 | D:1      | Reached XP level 3. HP: 25/25 MP: 6/6
  1354 | D:2      | Found a snail-covered altar of Cheibriados.
  1825 | D:2      | Reached XP level 4. HP: 24/31 MP: 7/7
  2710 | D:2      | Reached skill level 4 in Unarmed Combat
  2872 | D:2      | Found an opulent altar of Gozag.
  3048 | D:3      | Noticed Robin
  3062 | D:3      | Killed Robin
  3096 | D:3      | Found an ornate altar of the Wu Jian Council.
  3101 | D:3      | Reached XP level 5. HP: 23/36 MP: 8/8
  3318 | D:3      | Became a worshipper of the Wu Jian Council
  3356 | D:3      | Killed from afar by an orc wizard

Illustrated notes

Levels and vault maps discovered:
D:1:      psy_arrival_basics, layout_loops_corners, grunt_decor_cap,
          minmay_gold_behind_fungi, minmay_fountain_box, minmay_misc_feat_tiny
D:2:      layout_basic, lemuel_doored_altar, lemuel_crystal_altar,
          minmay_split_cup_small
D:3:      layout_basic, overflow_temple_1_default, first_ration,
          serial_bayou_crossing, uniq_robin

Skill      XL: |  1  2  3  4 |
---------------+-------------+-----
Fighting       | 2 3 |  3.1
Unarmed Combat | 4 |  4.7
Dodging        | |  2.0
Spellcasting   | |  2.0
Transmutations | |  2.0

Action                   |  1- 3 |  4- 6 || total
-------------------------+-------+-------++-------
Melee: Unarmed           |    77 |    75 ||   152
       Constrict         |    16 |    18 ||    34
       Tentacles         |     5 |    13 ||    18
       Punch             |     1 |     2 ||     3
Throw: Stone             |     3 |    62 ||    65
 Stab: Sleeping          |     7 |       ||     7
       Distracted        |       |     1 ||     1
  Eat: Chunk             |     3 |     4 ||     7
Armor: Skin              |     9 |     2 ||    11
Dodge: Dodged            |    48 |    35 ||    83
